 Dungeon Crawl Stone Soup version 0.30-a0-830-gfe289a77b0 (webtiles) character file.

Game seed: 4749721146284910002

956 Newt the Skirmisher (level 8, -4/51 HPs)
             Began as a Kobold Hunter on Feb 28, 2023.
             Slain by an ogre
             ... wielding a +0 giant club
              (30 damage)
             ... on level 6 of the Dungeon.
             The game lasted 00:04:29 (5771 turns).

Newt the Skirmisher (Kobold Hunter)                 Turns: 5771, Time: 00:04:30

Health: -4/51      AC:  8    Str:  8    XL:     8   Next: 36%
Magic:  8/8        EV: 17    Int: 17    God:
Gold:   342        SH:  0    Dex: 20    Spells: 7/7 levels left

rFire   + . .      SeeInvis +    a - +0 shortbow
rCold   . . .      Faith    .    (shield currently unavailable)
rNeg    . . .      Spirit   .    l - +2 leather armour {rF+}
rPois   .          Reflect  .    k - +1 helmet {SInv}
rElec   .          Harm     .    h - scarf {+Inv}
rCorr   .          Rampage  .    (no gloves)
Will    .....                    m - +0 pair of boots
Stlth   +++                      (no amulet)
HPRegen 0.28/turn                g - +6 ring of intelligence
MPRegen 0.11/turn                (no ring)

@: no status effects
A: small, no large weapons, nightstalker 3
a: Evoke Invisibility


You were on level 6 of the Dungeon.
You visited 1 branch of the dungeon, and saw 6 of its levels.

You collected 342 gold pieces.

Inventory:

Hand Weapons
 a - a +0 shortbow (weapon)
Armour
 c - a +0 leather armour
 h - a scarf of invisibility (worn)
 k - a +1 helmet of see invisible (worn)
 l - a +2 leather armour of fire resistance (worn)
 m - a +0 pair of boots (worn)
 n - a +0 kite shield
Jewellery
 g - a +6 ring of intelligence (left hand)
 j - a ring of ice
Wands
 u - a wand of digging (4)
 w - a wand of paralysis (9)
Scrolls
 b - 3 scrolls of immolation
 e - a scroll of enchant weapon {unknown}
 v - a scroll of magic mapping {unknown}
 x - a scroll of blinking
Potions
 d - a potion of mutation
 f - 3 potions of brilliance
 i - 3 potions of heal wounds
 o - a potion of lignification
 p - a potion of haste {unknown}
 q - 3 potions of attraction {unknown}
 r - a potion of ambrosia {unknown}
 t - a potion of degeneration {unknown}


   Skills:
 - Level 6.0 Fighting
 - Level 10.0 Ranged Weapons
 + Level 5.2 Dodging
 - Level 1.3 Stealth


You had 7 spell levels left.
You didn't know any spells.
Your spell library contained the following spells:

 Spells                   Type           Power      Damage    Failure   Level
 Ensorcelled Hibernation  Hex/Ice        0%         N/A       45%         2
 Passwall                 Tmut/Erth      0%         N/A       45%         2
 Ozocubu's Armour         Ice            0%         N/A       71%         3
 Swiftness                Air            0%         N/A       71%         3
 Ozocubu's Refrigeration  Ice            0%         4d7       100%        7


Dungeon Overview and Level Annotations

Branches:
Dungeon (6/15)
 Temple: D:4-7

Altars:
Sif Muna
Trog
Uskayaw
Vehumet
Xom
The Shining One


Innate Abilities, Weirdness & Mutations

You are small and have problems with some larger weapons.
You are completely attuned to the shadows.


Message History

Your Dodging skill increases to level 5!
No target in view!
No target in view!
e - a scroll labelled ROHALY LUPP
Things that are here:
a +0 hand axe; a +0 robe; the orc corpse of Blork the orc You now have 342 gold pieces (gained 34).
Things that are here:
a +0 whip; a +0 leather armour; a scroll of noise An ogre comes into view.
It is wielding a +0 giant club.
Okay, then.
You shoot an arrow. The arrow barely misses the ogre.
The ogre shouts!
You shoot an arrow. The arrow hits the ogre.
The ogre is lightly wounded.
You shoot an arrow. The arrow barely misses the ogre.
You hear a bark!
The ogre hits you with a +0 giant club!!
You shoot an arrow. The arrow completely misses the ogre.
You shoot an arrow. The arrow barely misses the ogre.
You hear a shout!
The ogre barely misses you.
You shoot an arrow. The arrow hits the ogre.
The ogre is moderately wounded.
The hound misses you. The ogre barely misses you.
You shoot an arrow. The arrow hits the ogre!
The ogre is heavily wounded.
The hound misses you.
An orc priest comes into view. It is wielding a +0 club.
The hound bites you.
You are too injured to fight recklessly!
You are too injured to fight recklessly!
You are too injured to fight recklessly!
The hound bites you but does no damage. The ogre attacks as you move away!
The ogre misses you. The hound closely misses you.
The ogre attacks as you move away!
The ogre hits you with a +0 giant club!!
Ouch! That really hurt!
You die...

....### .......
..#...# .#....#
#...)o# ......##
..#..)O## .#....h@#
#.......##########
.................#
.#......#######.#.#
.......# #.#.#
.......#######.#.#
..#.#...ยง.....#.#
#.#########.#
#...........#


You could see an ogre, a hound and an orc priest.

Vanquished Creatures
  Grinder (D:3)
  An ogre (D:5)
  A phantom (D:6)
  Blork the orc (D:6)
  A necrophage (D:4)
  2 scorpions (D:6)
  3 hounds
  2 iguanas
  An orc wizard (D:4)
  6 adders
  A white imp (D:5)
  4 worms
  5 dart slugs
  15 orcs
  7 endoplasms
  4 giant cockroaches
  6 goblins
  5 hobgoblins
  8 jackals
  12 kobolds
  4 quokkas
  8 ball pythons
  4 bats (D:1)
  3 frilled lizards
  5 rats
  A spectral goblin (D:1)
111 creatures vanquished.

Notes
Turn   | Place    | Note
-------+----------+-------------------------------------------
     0 | D:1      | Newt the Kobold Hunter began the quest for the Orb.
     0 | D:1      | Reached XP level 1. HP: 12/12 MP: 1/1
   216 | D:1      | Reached XP level 2. HP: 18/18 MP: 2/2
   364 | D:1      | Found a faded altar of an unknown god.
   397 | D:1      | Reached XP level 3. HP: 22/23 MP: 3/3
  1259 | D:2      | Reached XP level 4. HP: 30/30 MP: 4/4
  1783 | D:3      | Reached skill level 5 in Fighting
  2125 | D:3      | Reached XP level 5. HP: 35/35 MP: 5/5
  2141 | D:3      | Noticed Grinder
  2149 | D:3      | Killed Grinder
  2150 | D:3      | Reached skill level 7 in Ranged Weapons
  2150 | D:3      | Reached XP level 6. HP: 19/41 MP: 6/6
  2252 | D:3      | Found a shimmering blue altar of Sif Muna.
  2773 | D:3      | Found a glowing golden altar of the Shining One.
  2960 | D:4      | Reached XP level 7. HP: 41/46 MP: 7/7
  3131 | D:4      | Reached skill level 8 in Ranged Weapons
  3271 | D:4      | Found a bloodstained altar of Trog.
  4010 | D:5      | Entered Level 5 of the Dungeon
  4136 | D:5      | Found a radiant altar of Vehumet.
  4334 | D:5      | Found a hide-covered altar of Uskayaw.
  4362 | D:5      | Reached skill level 9 in Ranged Weapons
  5209 | D:6      | Found a shimmering altar of Xom.
  5238 | D:6      | Noticed a water moccasin
  5577 | D:6      | Noticed a water moccasin
  5589 | D:6      | Reached skill level 10 in Ranged Weapons
  5589 | D:6      | Reached XP level 8. HP: 51/51 MP: 8/8
  5743 | D:6      | Noticed Blork the orc
  5755 | D:6      | Killed Blork the orc
  5756 | D:6      | Reached skill level 5 in Dodging
  5771 | D:6      | Slain by an ogre

Illustrated notes

Levels and vault maps discovered:
D:1:      dpeg_arrival_castle, layout_loops_ring,
          dreamdust_ecumenical_altar_drowned_temple
D:2:      layout_loops_ring, minmay_tromino_mix6
D:3:      layout_basic, overflow_temple_1_default, tso_oasis_becter,
          serial_aquarium, aquarium_bridge_straight [aquarium_subvault_bridge,
          aquarium_subvault_wall, aquarium_subvault_bridge,
          aquarium_subvault_wall], aquarium_window_corridor_3,
          aquarium_window_1, aquarium_window_corner, aquarium_window_fake,
          aquarium_view_2a, aquarium_view_2d, aquarium_balcony_1b,
          aquarium_pool_1, uniq_grinder
D:4:      layout_basic, marbit_many_paths, solitary_fountain
D:5:      layout_basic, nicolae_vehumet_altar_sigil, nicolae_uskayaw_suspiria
D:6:      cheibrodos_fzero, layout_basic, mainiacjoe_overflow_chevrons,
          uniq_blork_the_orc

Skill      XL: |  1  2  3  4  5  6  7  8 |
---------------+-------------------------+-----
Fighting       | 3 4 5 6 |  6.0
Ranged Weapons | 7 10 | 10.0
Dodging        | 5 |  5.2
Stealth        | |  1.3

Action                     |  1- 3 |  4- 6 |  7- 9 || total
---------------------------+-------+-------+-------++-------
  Melee: Shortbow          |       |       |     6 ||     6
   Fire: Shortbow          |    92 |   113 |   157 ||   362
    Use: Scroll            |     4 |     7 |     3 ||    14
         Potion            |       |       |     2 ||     2
 Armour: Leather armour    |     8 |    21 |    47 ||    76
  Dodge: Dodged            |    45 |    44 |   109 ||   198

Table legend: (Time is in decaauts)
 A = Elapsed time spent in this place.
 B = Non-inter-level travel time spent in this place.
 C = Inter-level travel time spent in this place.
 D = Time resting spent in this place.
 E = Time spent auto-exploring this place.
 F = Levels seen in this place.
 G = Mean time per level.
                   A        B        C        D        E       F      G
               +--------+--------+--------+--------+--------+-----+--------+
         Total |   5850 |   5608 |    242 |    385 |   4509 |   6 |  975.0 |
       Dungeon |   5850 |   5608 |    242 |    385 |   4509 |   6 |  975.0 |
               +--------+--------+--------+--------+--------+-----+--------+

Top non-repeatable levels by time:
     D:4: 1234 daAuts
     D:3: 1210 daAuts
     D:5: 1098 daAuts
     D:1: 862 daAuts
     D:2: 774 daAuts
     D:6: 669 daAuts
